 Dungeon Crawl Stone Soup version 0.14.0-2-gd2dacb9 (webtiles) character file.

804 Maka the Insei (level 7, -2/52 HPs)
             Began as a White Draconian Transmuter on Apr 10, 2014.
             Was an Initiate of Okawaru.
             Slain by an orc wizard
             ... wielding a +0,+0 scythe
              (6 damage)
             ... in the Ecumenical Temple.
             The game lasted 00:19:38 (4987 turns).

Maka the Insei (White Draconian Transmuter)         Turns: 4987, Time: 00:19:38

HP  -2/52        AC  8     Str 12      XL: 7   Next: 17%
MP  13/14        EV 12     Int 13      God: Okawaru [......]
Gold 205         SH  0     Dex 14      Spells:  3 memorised,  6 levels left

rFire  . . .     SeeInvis .       - Unarmed
rCold  + . .     Clarity  .     (armour unavailable)
rNeg   + . .     Conserve .     (no shield)
rPois  .         rCorr    .     (helmet restricted)
rElec  .         rRot     .     (no cloak)
SustAb . .       Spirit   .     (no gloves)
rMut   +         Warding  .     w - +1 pair of boots
Saprov . . .     Stasis   .     m - amulet of resist mutation
MR     .....                    (no ring)
                                q - ring of positive energy

@: appendage, not resistant to hostile enchantments, unstealthy
A: breathe frost, unfitting armour, horns 2, cold resistance 1, AC +6
a: Breathe Frost, End Transformation, Renounce Religion


You were in the Ecumenical Temple.
You worshipped Okawaru.
Okawaru was noncommittal.
You were not hungry.
You had grown temporary horns.
You visited 2 branches of the dungeon, and saw 6 of its levels.

You collected 205 gold pieces.

Inventory:

Missiles
 b - 58 arrows
 p - 7 tomahawks (quivered)
Armour
 w - a +1 pair of boots (worn)
Comestibles
 a - 5 bread rations
 h - 2 meat rations
Scrolls
 g - 5 scrolls of teleportation
 j - 6 scrolls of remove curse
Jewellery
 m - an amulet of resist mutation (around neck)
 q - a ring of positive energy (left hand)
Potions
 c - 3 potions of restore abilities
 f - a potion of agility
 i - a potion of curing
 r - a potion of resistance
 s - a potion of flight
Books
 d - a book of Changes

   Spells                             Type                      Level
   *Beastly Appendage                 Transmutation                1
   *Sticks to Snakes                  Transmutation                2
   *Spider Form                       Transmutation/Poison         3
   Ice Form                           Ice/Transmutation            4
   Blade Hands                        Transmutation                5
 o - a book of the Earth

   Spells                             Type                      Level
   Leda's Liquefaction                Hexes/Earth                  4
   Bolt of Magma                      Conjuration/Fire/Earth       5
   Statue Form                        Transmutation/Earth          6
   Iron Shot                          Conjuration/Earth            6
   Shatter                            Earth                        9


   Skills:
 - Level 1.1 Fighting
 - Level 2.0 Dodging
 + Level 7.5 Unarmed Combat
 - Level 3.0 Spellcasting
 - Level 3.0 Transmutations


You had 6 spell levels left.
You knew the following spells:

 Your Spells              Type           Power        Failure   Level  Hunger
a - Beastly Appendage     Trmt           #.....       10%         1    #......
b - Sticks to Snakes      Trmt           #.........   12%         2    ##.....
c - Spider Form           Trmt/Pois      #.........   38%         3    ####...


Dungeon Overview and Level Annotations

Branches:
Dungeon (5/15)             Temple (1/1) D:5

Altars:
Ashenzari
Cheibriados
Elyvilon
Fedhas
Kikubaaqudgha
Okawaru
Sif Muna
Trog
Vehumet
Yredelemnul
Zin


Innate Abilities, Weirdness & Mutations

You can breathe waves of freezing cold.*
You can buffet flying creatures when you breathe cold.*
Your icy white scales are hard (AC +6).*
Your body does not fit into most forms of armour.
Your cold-blooded metabolism reacts poorly to cold.
Your flesh is cold resistant.*
You have a pair of horns on your head.*


Message History

There is a staircase to the Ecumenical Temple here.
The orc priest mumbles some strange prayers to Beogh.
You feel troubled.
The orc wizard gestures wildly while chanting.
The orc wizard flickers and vanishes!
The orc wizard casts a spell at you. The puff of flame hits you!
You climb downwards.
Welcome to the Ecumenical Temple!
There is a staircase back to the Dungeon here.
Casting: Beastly Appendage
Confirm with . or Enter, or press ? or * to list all spells.
You grow a pair of large bovine horns.
Something barely misses you.
You see here a club.
Something hits you.
* * * LOW HITPOINT WARNING * * *
There is a staircase back to the Dungeon here.
Something hits you!
* * * LOW HITPOINT WARNING * * *
Something hits you.
You die...

≈≈§≈§≈≈§§≈§
≈§§≈§§≈≈≈§≈≈≈
≈≈≈≈§≈§≈≈≈≈§§≈§
≈§≈≈≈≈≈≈...≈§≈≈§≈
≈≈§≈≈≈≈.......≈≈§≈
≈≈§≈≈≈.........≈§≈
≈≈≈≈≈..........§§§§
≈§≈§≈......<.....§§≈
≈§≈§≈....@..).......≈
≈§≈≈.................
≈≈§......_....._.....
≈≈≈...................
≈§§...................
≈§.._.................
............_........
.....................
.....................


There were no monsters in sight!

Vanquished Creatures
  Sigmund (D:5)
  An orc priest (D:3)
  An iguana (D:4)
  5 orc wizards
  A worker ant (D:4)
  Ijyb (D:1)
  An ogre skeleton (D:4)
  10 adders
  3 gnolls
  4 worms
  An adder skeleton (D:4)
  An orc skeleton (D:4)
  5 giant geckos
  3 oozes
  16 orcs
  A bat skeleton (D:4)
  5 giant cockroaches
  7 goblins
  13 hobgoblins
  8 jackals
  2 quokkas
  A ball python (D:2)
  12 bats
  8 giant newts
  A gnoll skeleton (D:4)
  5 kobolds
  A kobold zombie (D:5)
  12 rats
130 creatures vanquished.

Notes
Turn   | Place    | Note
--------------------------------------------------------------
     0 | D:1      | Maka, the Draconian Transmuter, began the quest for the Orb.
     0 | D:1      | Reached XP level 1. HP: 16/16 MP: 3/3
   200 | D:1      | Reached XP level 2. HP: 12/23 MP: 4/4
   500 | D:1      | Learned a level 2 spell: Sticks to Snakes
   748 | D:1      | Reached skill level 4 in Unarmed Combat
   787 | D:2      | Noticed Ijyb
   828 | D:1      | Killed Ijyb
   828 | D:1      | Reached XP level 3. HP: 6/28 MP: 4/6
  1003 | D:2      | Learned a level 3 spell: Spider Form
  1131 | D:2      | Reached XP level 4. HP: 31/35 MP: 5/7
  1233 | D:2      | Reached skill level 5 in Unarmed Combat
  1501 | D:2      | Found a shattered altar of Ashenzari.
  1982 | D:2      | Found a bloodstained altar of Trog.
  2120 | D:3      | Reached XP level 5. HP: 21/40 MP: 7/9
  2124 | D:3      | Reached skill level 6 in Unarmed Combat
  2514 | D:3      | Found a radiant altar of Vehumet.
  2956 | D:4      | Reached XP level 6. HP: 38/47 MP: 11/11
  4223 | D:5      | Entered Level 5 of the Dungeon
  4250 | D:4      | Reached skill level 7 in Unarmed Combat
  4512 | D:5      | Your scales start taking on an icy white colour.
  4512 | D:5      | Gained mutation: Your flesh is cold resistant. [draconian maturity]
  4512 | D:5      | Reached XP level 7. HP: 52/52 MP: 12/14
  4585 | D:4      | Upgraded the game from 0.14-b1-56-gbadd701 to 0.14.0-2-gd2dacb9
  4640 | D:5      | Found a staircase to the Ecumenical Temple.
  4645 | Temple   | Entered the Ecumenical Temple
  4661 | Temple   | Became a worshipper of Warmaster Okawaru
  4709 | D:5      | Noticed Sigmund
  4759 | D:5      | Killed Sigmund
  4987 | Temple   | Slain by an orc wizard

Action                   |  1- 3 |  4- 6 |  7- 9 || total
-------------------------+-------+-------+-------++-------
Melee: Unarmed           |   132 |   354 |    37 ||   523
 Cast: Beastly Appendage |     9 |    22 |     2 ||    33
       Spider Form       |       |       |     1 ||     1
  Use: Scroll            |     4 |    10 |     1 ||    15
       Potion            |       |     1 |       ||     1
